[Event "Titled Tuesday Blitz July 4 Early 2023"]
[White "Wagner, Dennis"]
[Black "Demidov, Mikhail"]
[WhiteFideId "24650684"]
[BlackFideId "4197143"]
[WhiteElo "2729"]
[BlackElo "2889"]
[Result "0-1"]
[Round "9"]
[TimeControl "180+2"]
[Date "2023.07.04"]
[WhiteClock "0:00:10"]
[BlackClock "0:00:16"]
[Board "27"]

1. e4 g6 2. d4 Bg7 3. c4 Nc6 4. Ne2 d6 5. Nbc3 e5 6. Be3 f5 7. exf5 Bxf5 8. d5 Nce7 9. h3 h5 10. Ng3 Bh6 11. Bd3 Nf6 12. Bxh6 Rxh6 13. Qd2 Rh7 14. O-O-O Qd7 15. Nxf5 gxf5 16. Qg5 Kf7 17. g3 Rg8 18. Qd2 e4 19. Bc2 Ng6 20. f4 exf3 21. Rhf1 Ne5 22. Qf4 Kg6 23. g4 hxg4 24. hxg4 Nfxg4 25. Rxf3 Nxf3 26. Qxg4+ Ng5 27. Rg1 Kf6 28. Qd4+ Ke7 29. Re1+ Kf7 30. Qf4 Nh3 31. Qf3 Rg1 32. Bxf5 Rxe1+ 33. Kd2 Qe7 34. Be6+ Kg7 35. Kxe1 Ng5 36. Qf5 Nxe6 37. dxe6 Rh6 38. Qg4+ Rg6 39. Qd4+ Qf6 40. Qxf6+ Rxf6 41. Nd5 Rxe6+ 42. Kd2 c6 43. Nc3 Re5 44. Kd3 Kf6 45. Kd4 Ke6 46. b4 Rh5 47. b5 Rh4+ 48. Kd3 Ke5 49. bxc6 bxc6 50. a4 Rd4+ 51. Kc2 Rxc4 52. Kb3 Rxc3+ 53. Kxc3 Kd5 54. Kb4 Kd4 55. Ka5 c5 56. Ka6 c4 57. Kxa7 c3 58. a5 c2 59. a6 c1=Q 60. Ka8 Qa3 61. Ka7 d5 62. Kb7 Kc4 63. a7 d4 64. Kb8 Qxa7+ 65. Kxa7 d3 0-1


[Site "https://www.chess.com"]

[Event "Titled Tuesday Blitz July 4 Early 2023"]
[White "Quintiliano Pinto, Renato R."]
[Black "Harsha Bharathakoti"]
[WhiteFideId "2117568"]
[BlackFideId "5078776"]
[WhiteElo "2699"]
[BlackElo "2867"]
[Result "0-1"]
[Round "9"]
[TimeControl "180+2"]
[Date "2023.07.04"]
[WhiteClock "0:00:00"]
[BlackClock "0:00:05"]
[Board "28"]

1. e4 g6 2. d4 Bg7 3. Nc3 d6 4. g3 Nc6 5. d5 Ne5 6. Bg2 Nf6 7. h3 c6 8. Nge2 O-O 9. O-O Rb8 10. a4 a5 11. b3 Qc7 12. Be3 Re8 13. Ba7 Ra8 14. Bd4 e6 15. f4 Ned7 16. dxe6 Rxe6 17. Qd2 b6 18. Rad1 Ba6 19. Rfe1 Rae8 20. Bf2 R6e7 21. Nd4 Nc5 22. Nxc6 Qxc6 23. e5 Qd7 24. exf6 Rxe1+ 25. Rxe1 Rxe1+ 26. Qxe1 Bxf6 27. Nd5 Bd8 28. Bd4 Qe6 29. Qxe6 fxe6 30. Nc3 Kf7 31. g4 Bf6 32. Bxf6 Kxf6 33. Ne4+ Ke7 34. Nxc5 bxc5 35. Kf2 d5 36. Ke3 d4+ 37. Kd2 Kd6 38. Be4 e5 39. f5 g5 40. c3 h6 41. c4 Bc8 42. Kd3 Bd7 43. Kd2 Be8 44. Kd3 Bd7 45. Kd2 Be8 46. Bd5 Ke7 47. Kd3 Kf6 48. Ke4 h5 49. Bb7 hxg4 50. hxg4 Bf7 51. Bd5 Bxd5+ 52. cxd5 Ke7 53. Kd3 Kd6 54. f6 Kd7 55. Ke4 Kd6 56. Kd3 Kd7 57. Ke4 Kd6 58. Kf5 d3 59. f7 Ke7 60. Kg6 Kf8 0-1


[Site "https://www.chess.com"]

[Event "Titled Tuesday Blitz July 4 Early 2023"]
[White "Williams, Simon K"]
[Black "Goltsev, Dmitry"]
[WhiteFideId "404454"]
[BlackFideId "24176710"]
[WhiteElo "2692"]
[BlackElo "2823"]
[Result "0-1"]
[Round "9"]
[TimeControl "180+2"]
[Date "2023.07.04"]
[WhiteClock "0:00:05"]
[BlackClock "0:01:07"]
[Board "29"]

1. f4 d5 2. e3 Nf6 3. Nf3 c5 4. Be2 Nc6 5. O-O g6 6. d3 Bg7 7. Ne5 O-O 8. Nxc6 bxc6 9. Nc3 Nd7 10. e4 e6 11. Qe1 a5 12. a4 Rb8 13. Kh1 Rb4 14. b3 c4 15. dxc4 dxc4 16. Bxc4 Nb6 17. Bd3 c5 18. Bd2 c4 19. bxc4 Nxc4 20. Bxc4 Rxc4 21. Rb1 Ba6 22. e5 Qd7 23. Rb6 Rc6 24. Rxc6 Qxc6 25. Rf3 Rd8 26. h4 h5 27. Ne4 Qxc2 28. Nd6 Rb8 29. Rc3 Qxa4 30. Rc7 Bd3 31. Qg3 Qd1+ 32. Be1 Rb1 33. Rc8+ Kh7 34. Kh2 Qxe1 35. Nxf7 Qh1# 0-1


[Site "https://www.chess.com"]

[Event "Titled Tuesday Blitz July 4 Early 2023"]
[White "Kamalidenova, Meruert"]
[Black "Kantor, Gergely"]
[WhiteFideId "13712802"]
[BlackFideId "751499"]
[WhiteElo "2684"]
[BlackElo "2808"]
[Result "0-1"]
[Round "9"]
[TimeControl "180+2"]
[Date "2023.07.04"]
[WhiteClock "0:00:10"]
[BlackClock "0:00:12"]
[Board "30"]

1. e4 e6 2. d4 d5 3. e5 b6 4. Nf3 Qd7 5. c3 Ne7 6. Bd3 Ba6 7. h4 Bxd3 8. Qxd3 c5 9. h5 h6 10. g4 Nbc6 11. a3 c4 12. Qe2 f6 13. exf6 gxf6 14. Bf4 Rg8 15. Rh4 O-O-O 16. Nbd2 Kb7 17. O-O-O Re8 18. Re1 Nc8 19. Qe3 Qh7 20. Bg3 b5 21. Re2 a5 22. Ne1 Nb6 23. Nc2 b4 24. cxb4 axb4 25. Qf4 bxa3 26. bxa3 c3 27. Nb3 Qd3 28. Qc7+ Ka6 29. Qxc6 Qxe2 30. Rh1 Qb5 31. Qxb5+ Kxb5 32. f3 Nc4 33. Be1 Nxa3 34. Bxc3 Rc8 35. Nxa3+ Bxa3+ 36. Kd2 Bb4 37. Bxb4 Kxb4 38. Rb1 Kc4 39. Nc5 e5 40. Ne6 exd4 41. Nf4 Ra8 42. Rc1+ Kb5 43. Nxd5 Ra3 44. Rb1+ Kc5 45. Nxf6 Rga8 46. Ne4+ Kd5 47. Rb5+ Ke6 48. g5 Rxf3 49. gxh6 Ra2+ 50. Ke1 Re3+ 51. Kd1 Rxe4 52. h7 Ra8 53. Rg5 Rh8 54. Rg7 Rh4 55. h6 Rxh6 56. Kd2 R8xh7 0-1


[Site "https://www.chess.com"]

[Event "Titled Tuesday Blitz July 4 Early 2023"]
[White "Mekhitarian, Krikor Sevag"]
[Black "Materia, Marco"]
[WhiteFideId "2107660"]
[BlackFideId "45150451"]
[WhiteElo "2789"]
[BlackElo "2637"]
[Result "1-0"]
[Round "9"]
[TimeControl "180+2"]
[Date "2023.07.04"]
[WhiteClock "0:00:24"]
[BlackClock "0:01:09"]
[Board "31"]

1. Nf3 d5 2. c4 d4 3. b4 c5 4. Bb2 Nf6 5. g3 Nc6 6. b5 Nb8 7. e3 dxe3 8. fxe3 Nbd7 9. Bg2 g6 10. O-O Bg7 11. d3 O-O 12. Qe2 Rb8 13. Nbd2 b6 14. a4 Bb7 15. a5 Qc7 16. a6 Ba8 17. Ng5 Bxg2 18. Qxg2 Rbd8 19. Rad1 Ne5 20. Bxe5 Qxe5 21. Nde4 Nxe4 22. Nxe4 f5 23. Nf2 Qxe3 24. Rfe1 Qd4 25. Rxe7 Rd7 26. Rde1 Bf6 27. R7e6 Rdf7 28. Qc6 Qb2 29. R6e2 Qc3 30. Kg2 Bd4 31. Nh3 Qxd3 32. Qd5 f4 33. Nxf4 Qf5 34. Qxf5 Rxf5 35. h4 g5 36. hxg5 R5f7 37. Re7 Rxe7 38. Rxe7 Ra8 39. Kf3 Bg7 40. Kg4 Bf8 41. Rb7 Bd6 42. Nd5 Be5 43. Nf6+ Bxf6 44. gxf6 Rf8 45. Kg5 Rf7 46. Rxf7 Kxf7 47. Kf5 Kf8 48. Ke6 Ke8 49. g4 Kf8 50. g5 Ke8 51. f7+ Kf8 52. Kf6 h6 53. g6 h5 54. g7# 1-0


[Site "https://www.chess.com"]

[Event "Titled Tuesday Blitz July 4 Early 2023"]
[White "Harsh Suresh"]
[Black "Ozdemir, Serhan Berat"]
[WhiteFideId "45018464"]
[BlackFideId "6374611"]
[WhiteElo "2785"]
[BlackElo "2637"]
[Result "1-0"]
[Round "9"]
[TimeControl "180+2"]
[Date "2023.07.04"]
[WhiteClock "0:00:46"]
[BlackClock "0:00:00"]
[Board "32"]

1. e4 c5 2. Nc3 e6 3. g3 d5 4. exd5 exd5 5. Bg2 Nf6 6. Nge2 Nc6 7. d3 Be7 8. O-O d4 9. Ne4 Nxe4 10. Bxe4 O-O 11. Nf4 Bd6 12. Re1 Bd7 13. a3 Rb8 14. Qh5 g6 15. Qf3 Ne5 16. Qh1 Bc6 17. Nd5 f5 18. Bg2 Kg7 19. Bf4 Nf7 20. Bxd6 Qxd6 21. Nf4 Rfe8 22. Bxc6 bxc6 23. b3 a5 24. a4 Re5 25. Rxe5 Nxe5 26. Re1 Re8 27. Kf1 Qd7 28. h4 Ng4 29. Rxe8 Qxe8 30. h5 g5 31. Ne2 h6 32. Ke1 Qe6 33. Kd2 Qd5 34. Qxd5 cxd5 35. f4 Kf6 36. c3 Nf2 37. cxd4 cxd4 38. Nxd4 gxf4 39. gxf4 Ng4 40. b4 axb4 41. a5 b3 42. a6 b2 43. Kc2 Ne3+ 44. Kxb2 1-0


[Site "https://www.chess.com"]

[Event "Titled Tuesday Blitz July 4 Early 2023"]
[White "Gavrilov, Maxim"]
[Black "Gorovets, Andrey"]
[WhiteFideId "24271454"]
[BlackFideId "13504037"]
[WhiteElo "2591"]
[BlackElo "2766"]
[Result "0-1"]
[Round "9"]
[TimeControl "180+2"]
[Date "2023.07.04"]
[WhiteClock "0:00:00"]
[BlackClock "0:01:07"]
[Board "33"]

1. d4 Nf6 2. c4 e6 3. Nc3 Bb4 4. Nf3 b6 5. e3 O-O 6. Bd3 d5 7. cxd5 exd5 8. O-O Bb7 9. Ne5 Bd6 10. f4 c5 11. Bd2 Nc6 12. Ne2 Ne4 13. Be1 cxd4 14. exd4 Rc8 15. Rc1 Qe7 16. Kh1 f6 17. Bh4 g5 18. Bxe4 dxe4 19. Qb3+ Kg7 20. Nxc6 Rxc6 21. Rxc6 Bxc6 22. Ng3 Bd7 23. Nh5+ Kg6 24. fxg5 fxg5 25. Rxf8 Qxf8 26. Ng3 gxh4 27. Qd5 hxg3 0-1


[Site "https://www.chess.com"]

[Event "Titled Tuesday Blitz July 4 Early 2023"]
[White "Atakhan, Abtin"]
[Black "Ocelak, Jakub"]
[WhiteFideId "22502203"]
[BlackFideId "23707933"]
[WhiteElo "2761"]
[BlackElo "2480"]
[Result "1-0"]
[Round "9"]
[TimeControl "180+2"]
[Date "2023.07.04"]
[WhiteClock "0:00:14"]
[BlackClock "0:00:01"]
[Board "34"]

1. Nf3 d5 2. g3 Nd7 3. d4 Nb6 4. b3 Bf5 5. Nh4 Be4 6. f3 Bg6 7. Bb2 e6 8. Nd2 Be7 9. Nxg6 hxg6 10. Bg2 Nf6 11. e4 c5 12. dxc5 Bxc5 13. Qe2 dxe4 14. fxe4 Qc7 15. O-O-O O-O-O 16. Kb1 Bd4 17. c3 Bc5 18. a4 e5 19. a5 Nbd7 20. Nc4 Nb8 21. Rxd8+ Rxd8 22. Bh3+ Nbd7 23. b4 Be7 24. Rd1 Kb8 25. Bg2 Nf8 26. Rxd8+ Bxd8 27. Qd3 Be7 28. Bc1 Ne6 29. Bh3 Nd8 30. Nxe5 Ka8 31. Nc4 Ne6 32. e5 Nd7 33. a6 bxa6 34. Qd5+ Qb7 35. Qd2 Qe4+ 36. Kb2 Qxc4 37. Qxd7 Qe2+ 38. Kb3 Bd8 39. Qc8# 1-0


[Site "https://www.chess.com"]

[Event "Titled Tuesday Blitz July 4 Early 2023"]
[White "Madaminov, Mukhiddin"]
[Black "Leebit02"]
[WhiteFideId "14210703"]
[WhiteElo "2998"]
[BlackElo "2577"]
[Result "1-0"]
[Round "9"]
[TimeControl "180+2"]
[Date "2023.07.04"]
[WhiteClock "0:01:15"]
[BlackClock "0:00:00"]
[Board "35"]

1. e4 c5 2. Nf3 e6 3. d4 cxd4 4. Nxd4 Nc6 5. Nc3 Nf6 6. Ndb5 d6 7. Bf4 e5 8. Bg5 a6 9. Na3 b5 10. Nd5 Be7 11. Bxf6 Bxf6 12. c3 O-O 13. Nc2 Rb8 14. Nce3 Be6 15. g3 Bg5 16. Bg2 Ne7 17. O-O Qd7 18. Nxe7+ Qxe7 19. Nf5 Bxf5 20. exf5 Qd7 21. Be4 a5 22. Qf3 Bd8 23. Rad1 b4 24. c4 Qe7 25. b3 Bb6 26. f6 Qxf6 27. Qxf6 gxf6 28. Rxd6 Kg7 29. Rfd1 Rfd8 30. R1d5 Bc7 31. Rd7 Bb6 32. Kg2 Kf8 33. R5d6 Rxd7 34. Rxd7 Bd8 35. Ra7 h6 36. Bd5 Be7 37. Rxa5 Ke8 38. Kf3 Rc8 39. Ke4 Rc7 40. Kf5 Bd8 41. Ra8 Ke7 42. h4 Rd7 43. h5 Bc7 44. Rh8 e4 45. Kxe4 Rd8 46. Rh7 Rf8 47. f4 Ke8 48. Kf5 Rg8 49. Bxf7+ 1-0


[Site "https://www.chess.com"]

[Event "Titled Tuesday Blitz July 4 Early 2023"]
[White "Palczert, Matyas"]
[Black "Makarian, Rudik"]
[WhiteFideId "784958"]
[BlackFideId "44105681"]
[WhiteElo "2617"]
[BlackElo "2969"]
[Result "0-1"]
[Round "9"]
[TimeControl "180+2"]
[Date "2023.07.04"]
[WhiteClock "0:00:00"]
[BlackClock "0:00:03"]
[Board "36"]

1. e4 e6 2. d4 d5 3. exd5 exd5 4. Nf3 Nc6 5. Bb5 Bd6 6. c4 dxc4 7. d5 a6 8. Ba4 b5 9. dxc6 bxa4 10. O-O Ne7 11. Nbd2 O-O 12. Nxc4 Nxc6 13. Nxd6 cxd6 14. Bf4 Qb6 15. Qxd6 Rd8 16. Qc7 Qxc7 17. Bxc7 Rd7 18. Bf4 Bb7 19. Rac1 f6 20. Be3 Nb4 21. a3 Nd3 22. Rfd1 Rad8 23. Rb1 Bxf3 24. gxf3 Ne5 25. Rxd7 Rxd7 26. Kg2 Nc4 27. Rc1 Nxb2 28. Rc8+ Kf7 29. Rc6 a5 30. Rc5 Rd3 31. Rxa5 Nc4 32. Ra7+ Kg6 33. Bc5 Ne5 0-1


[Site "https://www.chess.com"]

[Event "Titled Tuesday Blitz July 4 Early 2023"]
[White "Ibarra Jerez, Jose Carlos"]
[Black "Ovchinnikov, Vsevolod"]
[WhiteFideId "2226332"]
[BlackFideId "24176842"]
[WhiteElo "2887"]
[BlackElo "2600"]
[Result "1-0"]
[Round "9"]
[TimeControl "180+2"]
[Date "2023.07.04"]
[WhiteClock "0:00:52"]
[BlackClock "0:00:00"]
[Board "37"]

1. e4 g6 2. d4 Bg7 3. Nf3 d6 4. Bc4 Nf6 5. Qe2 O-O 6. e5 dxe5 7. dxe5 Nd5 8. h3 c6 9. O-O Be6 10. Ng5 Nd7 11. Nxe6 fxe6 12. f4 b5 13. Bb3 Nc5 14. c4 bxc4 15. Bxc4 Qb6 16. Kh2 Rf5 17. Be3 Nxe3 18. Qxe3 Raf8 19. Nc3 Kh8 20. b3 g5 21. fxg5 Bxe5+ 22. Kh1 Rxf1+ 23. Rxf1 Rxf1+ 24. Bxf1 Nd7 25. Qd3 Qd4 26. Ne4 Qxd3 27. Bxd3 Bf4 28. g3 Bc1 29. Bc4 e5 30. h4 Kg7 31. Kg2 h6 32. gxh6+ Kxh6 33. g4 Kg7 34. g5 1-0


[Site "https://www.chess.com"]

[Event "Titled Tuesday Blitz July 4 Early 2023"]
[White "Domingo Nunez, Ruben"]
[Black "Kosakowski, Jakub"]
[WhiteFideId "22245570"]
[BlackFideId "1185080"]
[WhiteElo "2613"]
[BlackElo "2827"]
[Result "1-0"]
[Round "9"]
[TimeControl "180+2"]
[Date "2023.07.04"]
[WhiteClock "0:01:27"]
[BlackClock "0:01:40"]
[Board "38"]

1. Nf3 Nf6 2. g3 g6 3. Bg2 Bg7 4. d4 O-O 5. O-O d5 6. Nc3 Bf5 7. Nh4 Bc8 8. Nf3 Bf5 9. Nh4 Bg4 10. h3 Be6 11. Nf3 c5 12. dxc5 Nbd7 13. Be3 Rc8 14. b4 Ne4 15. Nxe4 Bxa1 16. Qxa1 dxe4 17. Ng5 Nf6 18. Nxe4 Nxe4 19. Bxe4 Bd5 20. Bh6 f6 21. Bxd5+ Qxd5 22. Bxf8 Kxf8 23. Qc3 b6 24. Qd3 Qxa2 25. Qd7 Re8 26. c6 Qxc2 27. c7 Qf5 28. Qxf5 gxf5 29. Rd1 1-0


[Site "https://www.chess.com"]

[Event "Titled Tuesday Blitz July 4 Early 2023"]
[White "Perez Candelario, Manuel"]
[Black "Bharath Subramaniyam H"]
[WhiteFideId "2210622"]
[BlackFideId "46634827"]
[WhiteElo "2594"]
[BlackElo "2814"]
[Result "0-1"]
[Round "9"]
[TimeControl "180+2"]
[Date "2023.07.04"]
[WhiteClock "0:00:01"]
[BlackClock "0:00:26"]
[Board "39"]

1. e4 c5 2. Nf3 d6 3. d4 cxd4 4. Nxd4 Nf6 5. Nc3 a6 6. Be2 e5 7. Nb3 Be6 8. O-O Be7 9. f4 O-O 10. Kh1 Re8 11. f5 Bd7 12. Bg5 Bc6 13. Bxf6 Bxf6 14. Nd5 Nd7 15. a4 Rc8 16. a5 Bg5 17. Bc4 Nf6 18. Nxf6+ Qxf6 19. Qd3 Red8 20. c3 d5 21. Bxd5 Bb5 22. Qf3 Bxf1 23. Rxf1 Rc7 24. g3 b5 25. h4 Bh6 26. Na1 Qd6 27. Nc2 Rcd7 28. Nb4 Qc7 29. f6 g6 30. Qf2 Rd6 31. Kg2 Rc8 32. Nd3 Re8 33. Qc5 Qd8 34. Qa7 Rf8 35. Nc5 Be3 36. Rf3 Bxc5 37. Qxc5 Rxf6 38. Rxf6 Qxf6 39. Qb6 Kg7 40. Qxb5 axb5 0-1


[Site "https://www.chess.com"]

[Event "Titled Tuesday Blitz July 4 Early 2023"]
[White "Mikhailovsky, Vladimir"]
[Black "Nefedov, Sergey"]
[WhiteFideId "34105414"]
[BlackFideId "24113417"]
[WhiteElo "2807"]
[BlackElo "2587"]
[Result "0-1"]
[Round "9"]
[TimeControl "180+2"]
[Date "2023.07.04"]
[WhiteClock "0:00:03"]
[BlackClock "0:00:07"]
[Board "40"]

1. e4 d5 2. Nc3 dxe4 3. Nxe4 Nf6 4. Bd3 Nc6 5. Nf3 e5 6. O-O Be7 7. Re1 O-O 8. Nxf6+ Bxf6 9. Be4 Ne7 10. b3 Bg4 11. Bxb7 Rb8 12. Be4 Nd5 13. Bb2 Re8 14. h3 Bh5 15. d4 exd4 16. Bxd4 Nc3 17. Qd3 Nxe4 18. Rxe4 Rxe4 19. Qxe4 Bxf3 20. Qxf3 Qxd4 21. Rd1 Qe5 22. g3 Qe6 23. Rd5 Qxh3 24. Rh5 Qe6 25. Qd3 g6 26. Rd5 Re8 27. Rd7 Qc6 28. Qd2 Re1+ 29. Qxe1 Qxd7 30. Qa5 Bd4 31. Qd2 Qd6 32. Kg2 Qd5+ 33. Kg1 Qe5 34. Kg2 Qe4+ 35. Kg1 Kg7 36. c3 Bb6 37. b4 Qf3 38. Kf1 h5 39. a4 a5 40. bxa5 Bxa5 41. Qd4+ Qf6 42. Qc5 Qxc3 43. Qb5 c5 44. Qd7 Bb4 45. Kg2 c4 46. a5 Bxa5 47. g4 hxg4 48. f3 Qxf3+ 49. Kh2 g3+ 50. Kh3 g2+ 51. Kh2 g1=Q+ 52. Kxg1 Bb6+ 53. Kh2 Qf2+ 54. Kh3 Qf5+ 55. Kh4 Bf2# 0-1


[Site "https://www.chess.com"]

[Event "Titled Tuesday Blitz July 4 Early 2023"]
[White "Tristan, Leonardo"]
[Black "Lana Rodriguez, David"]
[WhiteFideId "113816"]
[BlackFideId "2270803"]
[WhiteElo "2789"]
[BlackElo "2583"]
[Result "0-1"]
[Round "9"]
[TimeControl "180+2"]
[Date "2023.07.04"]
[WhiteClock "0:00:08"]
[BlackClock "0:00:14"]
[Board "41"]

1. d4 e5 2. dxe5 d6 3. Nf3 Nc6 4. e4 Bg4 5. Bb5 dxe5 6. Qxd8+ Rxd8 7. Nbd2 f6 8. Bxc6+ bxc6 9. h3 Be6 10. O-O Bc5 11. Re1 Ne7 12. Nb3 Bb6 13. Be3 Kf7 14. Nc5 Rd6 15. a4 Rb8 16. a5 Bxc5 17. Bxc5 Rdd8 18. b3 a6 19. Red1 Ng6 20. Kh2 Nf4 21. Ng1 Bd7 22. g3 Ne6 23. Ba7 Ra8 24. Be3 Be8 25. Ne2 Rxd1 26. Rxd1 Rd8 27. Ra1 Ke7 28. Kg2 Bg6 29. f3 f5 30. Nc3 fxe4 31. Nxe4 Bxe4 32. fxe4 h6 33. Ra4 c5 34. Rc4 Kd6 35. c3 Rb8 36. b4 cxb4 37. cxb4 Rb5 38. Kf3 c5 39. bxc5+ Nxc5 40. Bd2 Ne6 41. Bb4+ Kd7 42. Kg4 g6 43. Bc3 Rc5 44. Rxc5 Nxc5 45. Bxe5 Nxe4 46. Kf4 Nf2 47. Bd4 Nd3+ 48. Ke4 Nb4 49. Bc5 Nc6 50. Bf8 Nxa5 51. Bxh6 Ke6 52. Be3 Nb7 53. Bd4 Nd6+ 54. Kd3 Kd5 55. Be3 Nf5 56. Bf2 Nd6 57. g4 Ne4 58. Be1 Nc5+ 59. Ke3 Ke5 60. Bg3+ Kd5 61. Kf4 a5 62. Kg5 Ne4+ 63. Kxg6 Nxg3 64. h4 a4 65. h5 a3 66. h6 a2 67. g5 a1=Q 68. Kh7 Qa7+ 69. Kh8 Qb8+ 70. Kh7 Qc7+ 71. Kh8 Qd8+ 72. Kh7 Qxg5 73. Kh8 Nf5 74. h7 Qg7# 0-1


[Site "https://www.chess.com"]

[Event "Titled Tuesday Blitz July 4 Early 2023"]
[White "Hambleton, Aman"]
[Black "Burmakin, Vladimir"]
[WhiteFideId "2606577"]
[BlackFideId "4105109"]
[WhiteElo "2772"]
[BlackElo "2623"]
[Result "1-0"]
[Round "9"]
[TimeControl "180+2"]
[Date "2023.07.04"]
[WhiteClock "0:00:03"]
[BlackClock "0:01:21"]
[Board "42"]

1. d4 d5 2. Bf4 e6 3. e3 c5 4. c3 Nc6 5. Nd2 Bd6 6. Bxd6 Qxd6 7. f4 Nge7 8. Ngf3 O-O 9. Bd3 a6 10. Bxh7+ Kxh7 11. Ng5+ Kg6 12. Qg4 f5 13. Qg3 Kf6 14. Ndf3 cxd4 15. Qh4 Kg6 16. Qg3 Kf6 17. exd4 Ng6 18. Ne5 Ncxe5 19. fxe5+ Nxe5 20. Nh7+ Kf7 21. dxe5 Qb6 22. Nxf8 Qxb2 23. O-O Kxf8 24. Rac1 Bd7 25. h4 Qd2 26. Rcd1 Qh6 27. Rd4 Bc6 28. Rff4 Kg8 29. a4 b5 30. a5 Rc8 31. Rf3 Be8 32. Qg5 Qxg5 33. hxg5 Bg6 34. Kf2 Kf7 35. Ke1 Rh8 36. Rh3 Rc8 37. Kd2 Rc7 38. Rh8 Rc6 39. Ra8 Rc7 40. g3 b4 41. Rxb4 f4 42. Rxf4+ Ke7 43. Rb8 Bf5 44. Rfb4 Rc5 45. R8b7+ Kd8 46. Rxg7 Rc8 47. Rbb7 d4 48. Rg8# 1-0


[Site "https://www.chess.com"]

[Event "Titled Tuesday Blitz July 4 Early 2023"]
[White "Mendonca, Leon Luke"]
[Black "Degenbaev, Aziz"]
[WhiteFideId "35028561"]
[BlackFideId "13802640"]
[WhiteElo "2770"]
[BlackElo "2569"]
[Result "0-1"]
[Round "9"]
[TimeControl "180+2"]
[Date "2023.07.04"]
[WhiteClock "0:00:26"]
[BlackClock "0:00:18"]
[Board "43"]

1. e4 c5 2. Nf3 Nc6 3. Bb5 e6 4. O-O Nge7 5. Re1 a6 6. Bf1 Ng6 7. d4 cxd4 8. Nxd4 Be7 9. c4 O-O 10. Nc3 b6 11. Be3 Bb7 12. Qd2 Rc8 13. Rad1 Qc7 14. b3 Rfe8 15. Rc1 Qb8 16. Nc2 Qc7 17. f4 Bc5 18. g3 Nge7 19. Bg2 Red8 20. Kh1 d6 21. Qf2 Ba8 22. h3 Qb8 23. Kh2 Bxe3 24. Nxe3 b5 25. Red1 Na5 26. cxb5 axb5 27. Qd2 b4 28. Ne2 Rxc1 29. Rxc1 d5 30. exd5 Nxd5 31. Rd1 Qb6 32. f5 Re8 33. Nxd5 Bxd5 34. Bxd5 exd5 35. Nf4 Nc6 36. Nxd5 Qb5 37. f6 Re2+ 38. Kg1 Rxd2 39. Rxd2 Qc5+ 40. Kg2 gxf6 41. Nxf6+ Kg7 42. Ne4 Qe5 43. Nf2 Qc3 44. Re2 Nd4 45. Re4 Qf3+ 46. Kf1 Nf5 47. Ke1 Nxg3 48. Re8 Nf5 49. Re4 Qc3+ 50. Ke2 Ng3+ 51. Kd1 Nxe4 52. Nxe4 Qa1+ 53. Kd2 Qxa2+ 54. Kd3 Qxb3+ 55. Kd4 Qd1+ 56. Kc4 Qc2+ 57. Kd4 Qxe4+ 58. Kxe4 Kg6 59. Kd3 Kg5 60. Kc4 Kh4 61. Kxb4 Kxh3 62. Kc5 Kg3 63. Kd5 h5 64. Ke4 h4 65. Kf5 h3 66. Kg5 h2 67. Kf6 h1=Q 68. Kg7 f5 69. Kf8 f4 70. Ke7 f3 71. Kf6 f2 72. Kf5 f1=Q+ 73. Kg5 Qh4+ 74. Kg6 Qff6# 0-1


[Site "https://www.chess.com"]

[Event "Titled Tuesday Blitz July 4 Early 2023"]
[White "Tologon tegin, Semetei"]
[Black "Dvirnyy, Danyyil"]
[WhiteFideId "13800574"]
[BlackFideId "817570"]
[WhiteElo "2571"]
[BlackElo "2753"]
[Result "0-1"]
[Round "9"]
[TimeControl "180+2"]
[Date "2023.07.04"]
[WhiteClock "0:00:00"]
[BlackClock "0:00:18"]
[Board "44"]

1. b3 c5 2. Bb2 Nc6 3. e3 Nf6 4. Nf3 g6 5. c4 Bg7 6. d4 cxd4 7. Nxd4 O-O 8. Be2 b6 9. O-O Bb7 10. Nc3 Nxd4 11. Qxd4 Ne4 12. Qd3 Nxc3 13. Bxc3 Bxc3 14. Qxc3 d6 15. h4 h5 16. Rad1 Rc8 17. Qd4 Rc5 18. Qf4 Kg7 19. Bf3 Bxf3 20. Qxf3 Qc8 21. Rd4 Qe6 22. Rfd1 Rfc8 23. g4 hxg4 24. Rxg4 b5 25. cxb5 Rxb5 26. Kg2 Rc2 27. a4 Rf5 28. Rf4 Rxf4 29. Qxf4 Qxb3 30. Qd4+ f6 31. h5 Rc4 32. Qd5 Rg4+ 33. Kf3 Qxd5+ 34. Rxd5 Rxa4 35. hxg6 Kxg6 36. Rb5 Kf7 37. e4 Ke6 38. Ke3 Ra3+ 39. Kf4 Ra2 40. f3 a5 41. Rb7 a4 42. Ra7 a3 43. Kg3 Ra1 44. Kg2 a2 45. Ra5 Kd7 46. Ra7+ Kc6 47. Ra3 e6 48. Ra6+ Kc5 49. Ra5+ Kb4 50. Ra8 d5 51. exd5 exd5 52. Rb8+ Kc3 53. Rc8+ Kd2 54. Ra8 d4 55. Kh2 Ke3 56. Kg2 d3 57. Re8+ Kf4 58. Re4+ Kf5 59. Ra4 d2 60. Ra5+ Kg6 0-1


[Site "https://www.chess.com"]

[Event "Titled Tuesday Blitz July 4 Early 2023"]
[White "Panesar Vedant"]
[Black "Zavgorodniy, Sergiy"]
[WhiteFideId "35033018"]
[BlackFideId "14110148"]
[WhiteElo "2713"]
[BlackElo "2564"]
[Result "0-1"]
[Round "9"]
[TimeControl "180+2"]
[Date "2023.07.04"]
[WhiteClock "0:00:10"]
[BlackClock "0:00:22"]
[Board "45"]

1. e4 e5 2. Nf3 d6 3. d4 exd4 4. Nxd4 Nf6 5. Nc3 Be7 6. Bf4 O-O 7. Qd2 Nc6 8. O-O-O Nxd4 9. Qxd4 Be6 10. Kb1 Nd7 11. Qd2 Nc5 12. f3 c6 13. h4 b5 14. h5 b4 15. Ne2 d5 16. Nd4 Qb6 17. e5 Na4 18. Ka1 c5 19. Nxe6 fxe6 20. h6 g6 21. Bg5 Bxg5 22. Qxg5 c4 23. Rh4 Nc5 24. Rf4 Rxf4 25. Qxf4 Rf8 26. Qg5 Qc7 27. Be2 Rf5 28. Qh4 Rh5 29. Qf6 Rf5 30. Qh4 Rxe5 31. Bxc4 Rh5 32. Qf6 Rf5 33. Qh4 Rf4 34. Qg3 dxc4 35. Rd4 Rxd4 0-1


[Site "https://www.chess.com"]

[Event "Titled Tuesday Blitz July 4 Early 2023"]
[White "Fantastic_Power"]
[Black "Czopor, Maciej"]
[BlackFideId "21805431"]
[WhiteElo "2552"]
[BlackElo "2707"]
[Result "1-0"]
[Round "9"]
[TimeControl "180+2"]
[Date "2023.07.04"]
[WhiteClock "0:00:12"]
[BlackClock "0:00:13"]
[Board "46"]

1. e4 g6 2. d4 c6 3. Nc3 Bg7 4. Nf3 d5 5. h3 dxe4 6. Nxe4 Nf6 7. Nxf6+ exf6 8. Bc4 O-O 9. O-O Na6 10. c3 Nc7 11. Bf4 Ne6 12. Bh2 f5 13. Re1 Bd7 14. Ne5 Re8 15. Qb3 b5 16. Be2 Bxe5 17. Bxe5 Nc5 18. Qc2 Ne4 19. Bf3 Ng5 20. Be2 Be6 21. Qd2 Bd5 22. Bd3 a5 23. f3 Bxf3 24. h4 Ne4 25. Qh6 Rxe5 26. gxf3 Nc5 27. Rxe5 Nxd3 28. Re2 Qd6 29. Qe3 Nf4 30. Rh2 Nd5 31. Qe5 Qxe5 32. dxe5 Re8 33. Re1 f4 34. Re4 Ne3 35. Re2 Nd5 36. Kf2 Kg7 37. e6 f5 38. Rd4 Kf6 39. c4 Ne3 40. cxb5 cxb5 41. Rxf4 Nc4 42. Rd4 Ne5 43. f4 Ng4+ 44. Kf3 Rxe6 45. Rxe6+ Kxe6 46. Rd8 h6 47. Rb8 b4 48. Rb6+ Kd5 49. Rxg6 a4 50. Rxg4 fxg4+ 51. Kxg4 Ke4 52. f5 Ke5 53. b3 axb3 54. axb3 Kf6 55. Kf4 h5 56. Ke4 Kf7 57. Ke5 Ke7 58. f6+ Kf7 59. Kf5 Kf8 60. Kg6 Kg8 61. Kxh5 Kf7 62. Kg5 Ke6 63. Kg6 Ke5 64. f7 Kd4 65. f8=Q Kc3 66. Qxb4+ Kxb4 67. h5 Kxb3 68. h6 Kb2 69. h7 Kc2 70. h8=Q Kd3 1-0


[Site "https://www.chess.com"]